 Dungeon Crawl Stone Soup version 0.28.0-45-g0d030f2227 (webtiles) character file.

Game seed: 5178089459618114117

7 CryoSword the Skirmisher (level 2, 31/32 HPs)
             Began as an Ogre Berserker on Mar 30, 2022.
             Was a Follower of Trog.
             Quit the game on level 1 of the Dungeon.
             The game lasted 00:00:29 (191 turns).

CryoSword the Skirmisher (Ogre Berserker)            Turns: 191, Time: 00:00:29

Health: 31/32      AC:  3    Str: 20    XL:     2   Next: 4%
Magic:  2/2        EV: 10    Int:  8    God:    Trog [*.....]
Gold:   0          SH:  0    Dex:  8    Spells: 1/1 levels left

rFire   . . .      SeeInvis .   a - +0 mace
rCold   . . .      Faith    .   (no shield)
rNeg    . . .      Spirit   .   b - +0 animal skin
rPois   .          Reflect  .   (helmet restricted)
rElec   .          Harm     .   (no cloak)
rCorr   .          Rampage  .   (gloves unavailable)
Will    .....                   (boots unavailable)
Stlth   +.........              (no amulet)
HPRegen 0.10/turn               (no ring)
MPRegen 0.08/turn               (no ring)

@: no status effects
A: large, unfitting armour, tough skin 1
a: Renounce Religion, Berserk


You were on level 1 of the Dungeon.
You worshipped Trog.
Trog was aware of your devotion.
You visited 1 branch of the dungeon, and saw 1 of its levels.

Inventory:

Hand Weapons
 a - a +0 mace (weapon)
Armour
 b - a +0 animal skin (worn)


   Skills:
 + Level 4.2 Fighting
 * Level 3.0 Maces & Flails
 + Level 2.8 Dodging


You had one spell level left.
You didn't know any spells.
Your spell library was empty.

Dungeon Overview and Level Annotations

Branches:
Dungeon (1/15)

Altars:


Innate Abilities, Weirdness & Mutations

You are too large for most types of armour.
You have tough skin. (AC +1)


Message History

Welcome, CryoSword the Ogre Berserker.
You feel drawn to the Orb of Zot, downwards into the unfathomable depths...
Trog says: Kill them all!
Found an escape hatch in the floor.
Found a staircase leading out of the dungeon.
A hobgoblin comes into view.
The hobgoblin shouts!
A hobgoblin is nearby!
A hobgoblin is nearby!
The hobgoblin barely misses you.
You hit the hobgoblin. The hobgoblin closely misses you.
The hobgoblin hits you.
You hit the hobgoblin but do no damage. The hobgoblin closely misses you.
You hit the hobgoblin. The hobgoblin closely misses you.
You hit the hobgoblin.
You kill the hobgoblin!
Trog accepts your kill.
No target in view!
No target in view!
Found 15 stones.
A ball python comes into view.
A ball python is nearby!
A ball python is nearby!
A ball python is nearby!
You closely miss the ball python. The ball python bites you.
You barely miss the ball python.
The ball python bites you but does no damage.
The ball python bites you.
You barely miss the ball python. The ball python bites you.
You closely miss the ball python. The ball python completely misses you.
The ball python bites you but does no damage.
You hit the ball python.
You kill the ball python!
Trog accepts your kill.
No target in view!
No target in view!
You see here a ball python corpse.
You see here 15 stones.
Could not explore, unopened door.
Could not explore, unopened door.
Could not explore, unopened door.
You open the door.
An endoplasm and a hobgoblin come into view.
Found a stone staircase leading down.
There are monsters nearby!
There are monsters nearby!
There are monsters nearby!
A hobgoblin comes into view.
The hobgoblin shouts!
There is an open door here.
The endoplasm quivers.
The endoplasm jiggles.
The hobgoblin hits you.
You hit the endoplasm but do no damage. The endoplasm hits you.
The hobgoblin closely misses you.
The endoplasm hits you but does no damage.
You sock the endoplasm!
You kill the endoplasm!
Trog accepts your kill.
The hobgoblin closely misses you. x2; The hobgoblin barely misses you.
You hit the hobgoblin. The hobgoblin barely misses you.
The hobgoblin hits you but does no damage.
You barely miss the hobgoblin. The hobgoblin misses you.
The hobgoblin hits you.
You sock the hobgoblin!
You kill the hobgoblin!
Trog accepts your kill.
The hobgoblin hits you but does no damage.
You closely miss the hobgoblin. The hobgoblin closely misses you.
The hobgoblin barely misses you.
You sock the hobgoblin!
You kill the hobgoblin!
Trog accepts your kill.
No target in view!
No target in view!
A goblin comes into view. It is wielding a +0 club.
The goblin shouts!
A goblin is nearby!
A goblin is nearby!
A goblin is nearby!
You hit the goblin. The goblin barely misses you.
You closely miss the goblin. The goblin hits you with a +0 club.
You hit the goblin.
You kill the goblin!
Trog accepts your kill.
Your Maces & Flails skill increases to level 3!
You have reached level 2!
Okay, then.
Unknown command.

##.#.#...#.####
#.#.##.#### #.#.##..#.####
#####'#.##.....#.##
#.......##........####
#.......#####.#....#.##
#.........# #.####....##
#####...#.###..........###
#>...@..............#.
##.##)#######.........
#.##.. ............
#...... ##########.# ..
..... #.# . ....... #.#
........ #.. #.......##
###. #...


There were no monsters in sight!

Vanquished Creatures
  An endoplasm (D:1)
  A goblin (D:1)
  3 hobgoblins (D:1)
  A ball python (D:1)
6 creatures vanquished.

Notes
Turn   | Place    | Note
-------+----------+-------------------------------------------
     0 | D:1      | CryoSword the Ogre Berserker began the quest for the Orb.
     0 | D:1      | Reached XP level 1. HP: 24/24 MP: 1/1
   191 | D:1      | Reached XP level 2. HP: 31/32 MP: 2/2
   191 | D:1      | Quit the game

Illustrated notes

Levels and vault maps discovered:
D:1:      amcnicky_arrival_blooded_trapdoor, layout_basic,
          shapermc_ecumenical_altar_pompeii, nicolae_figureground_pulse

Skill      XL: |  1 |
---------------+----+-----
Maces & Flails | 3 |  3.0
Fighting       | |  4.2
Dodging        | |  2.8

Action                   || total
-------------------------++-------
Melee: Mace              ||    19
Armor: Animal skin       ||     5
Dodge: Dodged            ||    14
